[Event "Team 45 45 League T49"]
[Site "Internet Chess Club"]
[Date "2011.05.14"]
[Round "1"]
[White "Timotheous"]
[Black "gandre"]
[Result "1-0"]
[WhiteElo "1690"]
[BlackElo "1680"]
[Opening "Réti: advance variation"]
[ECO "A09"]
[Time "10:00:11"]
[TimeControl "2700+45"]

1. Nf3 d5 2. c4 d4 3. b4 f6 4. d3 e5 5. a3 a5 6. b5 a4 7. g3 c6 8. bxc6 bxc6 9.
Bg2 Bb7 10. O-O Ne7 11. e3 dxe3 12. fxe3 c5 13. Nc3 Qd7 14. Rb1 Bc6 15. e4 Na6
16. Be3 Ng6 17. Nd5 Bxd5 18. cxd5 Bd6 19. Rf2 O-O 20. Nd2 Rfc8 21. Nc4 Bc7 22.
Qf1 Rcb8 23. Rfb2 Ne7 24. Bh3 Qd8 25. Qf2 Bd6 26. Nxd6 Qxd6 27. Rxb8+ Rxb8 28.
Rxb8+ Qxb8 29. Bxc5 Nxc5 30. Qxc5 Ng6 31. Be6+ Kh8 32. Qc8+ Qxc8 33. Bxc8 Ne7
34. Bd7 Kg8 35. Bxa4 Nc8 36. Kf2 Kf8 37. Ke3 Ke7 38. d4 Kd6 39. dxe5+ fxe5 40.
Kd3 Nb6 41. Bc6 Kc5 42. a4 Nc4 43. Bb5 Nd6 44. Ke3 Nxb5 45. axb5 Kxb5 46. Kf3
Kc5 47. Kg4 Kd6 48. Kf5 {Black resigns} 1-0

[Event "Team 45 45 League T49"]
[Site "Internet Chess Club"]
[Date "2011.05.14"]
[Round "1"]
[White "MCJR"]
[Black "kidcobra"]
[Result "0-1"]
[WhiteElo "1441"]
[BlackElo "1639"]
[Opening "Queen's bishop game"]
[ECO "D02"]
[Time "16:00:42"]
[TimeControl "2700+45"]

1. d4 Nf6 2. Nf3 d5 3. Bf4 e6 4. e3 c6 5. c3 Bd6 6. Ne5 Bxe5 7. dxe5 Nfd7 8. Qg4
Rg8 9. Nd2 Nf8 10. Bd3 Ng6 11. Bg3 Nd7 12. f4 f5 13. exf6 Nxf6 14. Bxg6+ hxg6
15. Qxg6+ Ke7 16. Nf3 Bd7 17. Ne5 Be8 18. Qg5 Qb6 19. O-O Qxe3+ 20. Bf2 Qe4 21.
Rfe1 Qh7 22. Bc5+ Kd8 23. Nf3 Bd7 24. Rad1 Qh5 25. Qxh5 Nxh5 26. g3 Nf6 27. c4
b6 28. Bb4 c5 29. Bc3 d4 30. Bd2 Ne8 31. b4 Nd6 32. bxc5 bxc5 33. Ne5 Ke7 34.
Nxd7 Kxd7 35. Rc1 Rab8 36. Re5 Rb2 37. Be1 d3 38. Bc3 Rc2 39. Rxc2 dxc2 40. Re1
Rb8 41. Rc1 Rb1 42. Bd2 Nxc4 {White resigns} 0-1

[Event "Team 45 45 League T49"]
[Site "Internet Chess Club"]
[Date "2011.05.13"]
[Round "1"]
[White "Ivio"]
[Black "tourettes"]
[Result "0-1"]
[WhiteElo "1771"]
[BlackElo "1472"]
[Opening "Nimzo-Indian: Sämisch variation"]
[ECO "E27"]
[Time "15:00:50"]
[TimeControl "2700+45"]

1. d4 Nf6 2. c4 e6 3. Nc3 Bb4 4. a3 Bxc3+ 5. bxc3 O-O 6. Nf3 b6 7. Bg5 d6 8. e4
h6 9. Bxf6 Qxf6 10. Bd3 e5 11. O-O Nc6 12. d5 Na5 13. h3 Bd7 14. Rb1 Qg6 15. Kh1
Qf6 16. Be2 g5 17. Nd2 Bc8 18. Bg4 Ba6 19. Rb4 Qe7 20. Bf5 c5 21. Ra4 Qc7 22.
Qh5 Kg7 23. h4 Qd8 24. Nf3 gxh4 25. Qg4+ Kh8 26. Qh5 Qf6 27. Nd2 Qg5 28. Qe2 Rg8
29. Rg1 Bc8 30. Nf3 Qf6 31. Bxc8 Raxc8 32. Nh2 Rg5 33. Ng4 Qg6 34. f3 Rg8 35.
Ne3 h3 36. g4 h5 37. Qh2 hxg4 38. Rxg4 Rxg4 39. Nxg4 Rg7 40. Kg1 Rh7 41. Kf2 Qg5
42. Ne3 f6 43. Ke2 Nb3 44. Rxa7 Rxa7 45. Qxh3+ Rh7 46. Qc8+ Qg8 47. Qf5 Rh2+ 48.
Ke1 Qg3+ {White resigns} 0-1

[Event "Team 45 45 League T49"]
[Site "Internet Chess Club"]
[Date "2011.05.15"]
[Round "1"]
[White "BotanicalKnight"]
[Black "Salvatore"]
[Result "1-0"]
[WhiteElo "1623"]
[BlackElo "1582"]
[Opening "Sicilian: closed"]
[ECO "B24"]
[Time "18:04:34"]
[TimeControl "2700+45"]

1. e4 c5 2. Nc3 Nc6 3. g3 g6 4. Bg2 Bg7 5. d3 e6 6. f4 Nge7 7. Nf3 d6 8. O-O O-O
9. Rb1 Rb8 10. h3 b5 11. a3 a5 12. Ne2 b4 13. axb4 axb4 14. b3 d5 15. e5 Qb6 16.
Kh2 d4 17. g4 Bb7 18. Qe1 Nd5 19. Bd2 Nce7 20. Ng3 h6 21. h4 Ra8 22. Ne4 Ra2 23.
Rc1 Rfa8 24. Qg3 Rb2 25. Nd6 Raa2 26. Nc4 Qd8 27. Nxb2 Rxb2 28. h5 Ne3 29. Bxe3
dxe3 30. hxg6 Nxg6 31. f5 Bxf3 32. fxg6 Bxg2 33. gxf7+ Kf8 34. Qxg2 Bxe5+ 35.
Kh3 Ra2 36. Qe4 Qg5 37. Qc6 Qd8 38. Qxc5+ Bd6 39. Qxe3 Qg5 40. Qxe6 Be7 41. Rce1
Qh4+ 42. Kg2 Rxc2+ 43. Re2 Rxe2+ 44. Qxe2 h5 45. Qf3 hxg4 46. Qg3 Qg5 47. Qb8+
Bd8 48. Qxb4+ Be7 49. Qe4 Qh4 50. Rh1 Qf6 51. Qa8+ Bd8 52. Rh8+ Kxf7 53. Qxd8
Qf3+ 54. Kg1 Qg3+ 55. Kf1 Qf3+ 56. Ke1 Qg3+ 57. Kd2 Qg2+ 58. Kc3 Qc6+ 59. Kb2
Qg2+ 60. Ka3 Qd2 61. Qd5+ Kf6 62. Rf8+ Kg6 63. Qf5+ Kg7 64. Qf6+ {Black resigns}
1-0

[Event "Team 45 45 League T49"]
[Site "Internet Chess Club"]
[Date "2011.05.14"]
[Round "1"]
[White "Berke"]
[Black "Monsieur"]
[Result "0-1"]
[WhiteElo "1617"]
[BlackElo "1557"]
[Opening "Latvian counter-gambit"]
[ECO "C40"]
[Time "06:03:51"]
[TimeControl "2700+45"]

1. e4 e5 2. Nf3 f5 3. exf5 e4 4. Nd4 Nf6 5. Be2 h5 6. d3 c5 7. Nb3 d5 8. Bg5
Bxf5 9. dxe4 Bxe4 10. f3 Bf5 11. Bb5+ Nc6 12. Nc3 d4 13. Qe2+ Be7 14. Bxf6 gxf6
15. Ne4 Bxe4 16. Qxe4 Qd6 17. Na5 O-O-O 18. Bxc6 bxc6 19. Nxc6 Rd7 20. O-O-O Rf8
21. g3 Kc7 22. Na5 Qa6 23. Qf4+ Bd6 24. Qd2 Kb6 25. Nb3 Qxa2 26. Qd3 h4 27. f4
Re8 28. Rhe1 Rde7 29. Rxe7 Rxe7 30. Kd2 Qxb2 31. Ra1 Qc3+ 32. Qxc3 dxc3+ 33.
Kxc3 hxg3 34. hxg3 Re3+ 35. Kc4 Rxg3 36. Kd5 Bxf4 37. Nxc5 Rg5+ 38. Ke4 Rxc5 39.
Kxf4 Rxc2 40. Kf5 Rc6 41. Ke4 a5 42. Rb1+ Ka6 43. Kd5 Rb6 44. Ra1 f5 45. Re1
{White resigns} 0-1

[Event "Team 45 45 League T49"]
[Site "Internet Chess Club"]
[Date "2011.05.16"]
[Round "1"]
[White "vollmerj"]
[Black "krysto"]
[Result "1/2-1/2"]
[WhiteElo "1696"]
[BlackElo "1595"]
[Opening "French: Rubinstein variation"]
[ECO "C03"]
[Time "21:01:31"]
[TimeControl "2700+45"]

1. e4 e6 2. d4 d5 3. Nd2 dxe4 4. Nxe4 Nd7 5. Nf3 Ngf6 6. Nxf6+ Nxf6 7. Bd3 Be7
8. O-O O-O 9. c3 b6 10. Re1 Bb7 11. Ne5 c5 12. Be3 cxd4 13. Bxd4 Qd5 14. f3 Bc5
15. Bc4 Bxd4+ 16. Qxd4 Qxd4+ 17. cxd4 Rfd8 18. Rad1 Rd6 19. Rd2 Rad8 20. Red1
Bd5 21. Bxd5 Nxd5 22. a3 b5 23. Kf2 Ne7 24. Ke3 f6 25. Ng4 h5 26. Nf2 f5 27. Nh3
Kf7 28. Nf4 Nd5+ 29. Nxd5 Rxd5 30. f4 {Game drawn by mutual agreement} 1/2-1/2

[Event "Team 45 45 League T49"]
[Site "Internet Chess Club"]
[Date "2011.05.16"]
[Round "1"]
[White "SaltofLife"]
[Black "L0-VE"]
[Result "0-1"]
[WhiteElo "1831"]
[BlackElo "1830"]
[Opening "Dutch: Leningrad, main variation"]
[ECO "A87"]
[Time "14:15:23"]
[TimeControl "2700+45"]

1. d4 f5 2. g3 g6 3. Bg2 Nf6 4. Nf3 Bg7 5. c4 O-O 6. O-O d6 7. Qc2 Nc6 8. d5 Nb4
9. Qb3 Na6 10. Nc3 Nc5 11. Qc2 e5 12. dxe6 Bxe6 13. Nd2 Qe8 14. b4 Nce4 15.
Ncxe4 Nxe4 16. Rb1 Nc3 17. Bf3 Nxb1 18. Qxb1 c6 19. e3 g5 20. Be2 f4 21. Nf3 Bf5
22. Qb3 Bg4 23. exf4 Qxe2 24. Nxg5 Be6 25. Nxe6 Qxe6 26. Bd2 d5 27. c5 Rae8 28.
Re1 Qxe1+ 29. Bxe1 Rxe1+ 30. Kg2 Re2 31. b5 Rb2 32. Qa4 Rxb5 33. Qxa7 Bd4 34.
Qa3 Bxc5 35. Qf3 Rb2 36. Qg4+ Kh8 37. Qe6 Rxf2+ 38. Kh3 Rxa2 39. Qe5+ Kg8 40.
Qe6+ Rf7 41. Qg4+ Kf8 42. Qc8+ Kg7 43. Qg4+ Kh8 44. Qe6 Re7 45. Qf6+ Kg8 46.
Qg5+ Rg7 47. Qd8+ Bf8 48. f5 Rf2 49. Qh4 Rxf5 {White resigns} 0-1

[Event "Team 45 45 League T49"]
[Site "Internet Chess Club"]
[Date "2011.05.22"]
[Round "1"]
[White "ddlj81"]
[Black "Fatman"]
[Result "1/2-1/2"]
[WhiteElo "1760"]
[BlackElo "1748"]
[Opening "Ruy Lopez: closed"]
[ECO "C90"]
[Time "12:06:32"]
[TimeControl "2700+45"]

1. e4 e5 2. Nf3 Nc6 3. Bb5 a6 4. Ba4 Nf6 5. O-O Be7 6. Re1 b5 7. Bb3 d6 8. h3
Na5 9. c3 Nxb3 10. Qxb3 c5 11. d4 Qc7 12. Nbd2 O-O 13. Nf1 Be6 14. Qd1 Rfc8 15.
Bd2 Qb7 16. Ng3 Qc7 17. a3 a5 18. Rc1 a4 19. d5 Bd7 20. Nh2 Qb6 21. Be3 Qb7 22.
Qd2 Rab8 23. f4 exf4 24. Bxf4 b4 25. Rb1 bxa3 26. bxa3 Qc7 27. c4 Rb3 28. Rxb3
axb3 29. e5 dxe5 30. Bxe5 Bd6 31. Nf3 Re8 32. Qc3 Ba4 33. Nf5 Bxe5 34. Nxe5 Qb8
35. Qb2 h6 36. d6 Qc8 37. Ne7+ Rxe7 38. dxe7 Qe6 39. Nd3 Qxc4 40. Nf2 h5 41. Qc1
Qd4 42. Qd1 Qb2 43. Qc1 Qd4 44. Qd1 Qf4 45. Qc1 Qd4 46. Qd1 {Game drawn by
repetition} 1/2-1/2

[Event "Team 45 45 League T49"]
[Site "Internet Chess Club"]
[Date "2011.05.14"]
[Round "1"]
[White "noblitz-oblige"]
[Black "parrot9"]
[Result "0-1"]
[WhiteElo "1706"]
[BlackElo "1628"]
[Opening "Sicilian: Najdorf, Lipnitzky attack"]
[ECO "B86"]
[Time "08:09:40"]
[TimeControl "2700+45"]

1. e4 c5 2. Nf3 d6 3. d4 cxd4 4. Nxd4 Nf6 5. Nc3 a6 6. Bc4 e6 7. O-O Qc7 8. Bd3
Be7 9. h3 O-O 10. Qf3 b5 11. a3 Bb7 12. Re1 Nbd7 13. Qg3 Rfd8 14. f4 Rac8 15. e5
dxe5 16. fxe5 Nh5 17. Qg4 g6 18. Nxe6 Qb6+ 19. Nd4 Nxe5 20. Rxe5 Rxd4 21. Be3
Rxg4 22. Bxb6 Rxg2+ 23. Kf1 Ng3+ 24. Ke1 Bf6 25. Re3 Bg5 26. Re5 Bd2+ 27. Kd1
Bf3+ 28. Be2 Nxe2 29. Nxe2 Bxe2+ 30. Kxd2 Bf3+ 31. Ke3 Re2+ 32. Kf4 Rxe5 33.
Kxe5 Rxc2 34. Rf1 Bg2 35. Rd1 {White resigns} 0-1

[Event "Team 45 45 League T49"]
[Site "Internet Chess Club"]
[Date "2011.05.16"]
[Round "1"]
[White "VietLion"]
[Black "Freitac"]
[Result "1-0"]
[WhiteElo "1971"]
[BlackElo "1938"]
[Opening "Caro-Kann: advance variation"]
[ECO "B12"]
[Time "16:37:46"]
[TimeControl "2700+45"]

1. e4 c6 2. d4 d5 3. e5 c5 4. dxc5 e6 5. Be3 Nh6 6. Bd3 Nd7 7. Bb5 Qa5+ 8. Nc3
a6 9. c6 axb5 10. cxd7+ Bxd7 11. Bd2 Qc7 12. Qe2 b4 13. Nb5 Qc5 14. Nd6+ Bxd6
15. Bxh6 gxh6 16. exd6 Bb5 17. Qd2 Qc4 18. Nf3 Rxa2 19. Rxa2 Qxa2 20. Qxb4 Qc4
21. Qxc4 Bxc4 22. Ne5 O-O 23. Nxc4 dxc4 24. O-O Rd8 25. Rd1 Kg7 26. f4 Kf6 27.
Kf2 e5 28. Kf3 exf4 29. Kxf4 Rd7 30. Rd4 b5 31. Rd5 b4 32. Ke4 c3 33. b3 Ke6 34.
Re5+ Kf6 35. Kd5 Ra7 36. Re2 Ra5+ 37. Kc6 Ra6+ 38. Kc7 Ra5 39. d7 Ra7+ 40. Kc8
Ra8+ 41. Kb7 {Black resigns} 1-0

[Event "Team 45 45 League T49"]
[Site "Internet Chess Club"]
[Date "2011.05.17"]
[Round "1"]
[White "McKnights"]
[Black "toukon"]
[Result "1-0"]
[WhiteElo "1930"]
[BlackElo "1683"]
[Opening "Sicilian: dragon, 6.Be3"]
[ECO "B72"]
[Time "00:00:39"]
[TimeControl "2700+45"]

1. e4 c5 2. Nf3 d6 3. Nc3 Nf6 4. d4 cxd4 5. Nxd4 g6 6. Be3 Bg7 7. Bc4 O-O 8. O-O
Nc6 9. f3 Bd7 10. Qd2 Rc8 11. Bb3 Na5 12. Rad1 Nxb3 13. axb3 a6 14. Bh6 Qb6 15.
Kh1 Qc5 16. Be3 Qh5 17. Nde2 Rfe8 18. Ra1 h6 19. Nf4 Qe5 20. Nd3 Qh5 21. Ne2 Kh7
22. c4 Ng8 23. Nef4 Qh4 24. g3 Qf6 25. Nd5 Qe6 26. Ra5 f6 27. N3f4 Qf7 28. Nb6
Rc7 29. Rd1 Bc6 30. Nfd5 Bxd5 31. Nxd5 Rc6 32. Nb4 Rcc8 33. Qd5 e6 34. Qd2 Ne7
35. Qe2 Nc6 36. Nxc6 Rxc6 37. Bf4 d5 38. cxd5 exd5 39. Raxd5 Rec8 40. Qd3 Rc2
41. Rd7 Qe6 42. Rxb7 Qh3 43. Bd2 Rxb2 44. Qd4 Rbc2 45. Qxf6 R8c7 46. Rxc7 Rxc7
47. Qxa6 Rc2 48. Qd3 Rb2 49. Rb1 Ra2 50. b4 Bf8 51. Qd5 Rb2 52. Rc1 Bg7 53. b5
Bc3 54. Qf7+ Kh8 55. Bxc3# {Black checkmated} 1-0

[Event "Team 45 45 League T49"]
[Site "Internet Chess Club"]
[Date "2011.05.14"]
[Round "1"]
[White "theapprentice"]
[Black "Sir-Sinister"]
[Result "1/2-1/2"]
[WhiteElo "1731"]
[BlackElo "1712"]
[Opening "KP: Nimzovich defense"]
[ECO "B00"]
[Time "09:32:13"]
[TimeControl "2700+45"]

1. e4 Nc6 2. c4 e5 3. Nc3 Nf6 4. Bd3 Bc5 5. a3 a5 6. Nge2 d6 7. O-O Bg4 8. h3
Bh5 9. Qb3 Rb8 10. Ng3 O-O 11. Nxh5 Nxh5 12. Be2 Nf4 13. Qd1 Qg5 14. Bg4 h5 15.
d4 hxg4 16. Bxf4 exf4 17. dxc5 gxh3 18. Qf3 hxg2 19. Rfd1 Ne5 20. Qh3 dxc5 21.
Rd5 b6 22. b3 c6 23. Rd6 f3 24. Rad1 Rbd8 25. Rxd8 Rxd8 26. Rxd8+ Qxd8 27. Qf5
Qd4 28. Qc8+ Kh7 29. Qh3+ {Game drawn by mutual agreement} 1/2-1/2

[Event "Team 45 45 League T49"]
[Site "Internet Chess Club"]
[Date "2011.05.15"]
[Round "1"]
[White "AntonioMendonca"]
[Black "Achelous"]
[Result "1/2-1/2"]
[WhiteElo "1528"]
[BlackElo "1637"]
[Opening "Scotch gambit"]
[ECO "C44"]
[Time "05:48:23"]
[TimeControl "2700+45"]

1. e4 e5 2. Nf3 Nc6 3. d4 exd4 4. Bc4 Qe7 5. O-O d6 6. Nxd4 Ne5 7. Be2 Nf6 8.
Bg5 h6 9. Bxf6 Qxf6 10. Nc3 c6 11. f4 Ng6 12. e5 dxe5 13. fxe5 Qg5 14. Nf3 Bc5+
15. Kh1 Qe7 16. Ne4 O-O 17. Nxc5 Qxc5 18. b3 Be6 19. c4 Rfd8 20. Qe1 a5 21. Rd1
Qa3 22. Rd2 Nf4 23. Nd4 Nxe2 24. Qxe2 Qe7 25. Nxe6 Qxe6 26. c5 Re8 27. Re1 Re7
28. Rd6 Qf5 29. g4 Qg5 30. h3 Rae8 31. Qd3 Rxe5 32. Rxe5 Qxe5 33. Rd8 Qa1+ 34.
Kg2 Qxa2+ 35. Kg3 Rxd8 36. Qxd8+ Kh7 37. Qd3+ g6 38. h4 Qb2 39. h5 Qe5+ 40. Kh3
Qxc5 41. hxg6+ fxg6 42. Qd7+ Kg8 43. Qe6+ Kg7 44. Qd7+ Kf6 45. Qd8+ Qe7 46. Qd4+
Kf7 47. Qc4+ Qe6 48. Qf4+ Kg7 49. Qc7+ Qf7 50. Qxa5 Qxb3+ 51. Kh2 Qc2+ 52. Kg3
Qd3+ 53. Kh2 Qe2+ 54. Kg3 Qe3+ 55. Kg2 Qf4 56. Qc3+ Qf6 57. Qa5 b5 58. Qc7+ Kf8
59. Qc8+ Kf7 60. Qd7+ Qe7 61. Qxc6 Qe2+ 62. Kg3 Qd3+ 63. Kh2 Qc4 64. Qb7+ Kf6
65. Qf3+ Kg5 66. Kg3 Qc7+ 67. Kh3 Qe5 68. Qd3 b4 69. Qd2+ Qf4 70. Qd8+ Qf6 71.
Qd2+ Qf4 72. Qd8+ Qf6 73. Qd2+ Qf4 {Game drawn by repetition} 1/2-1/2

[Event "Team 45 45 League T49"]
[Site "Internet Chess Club"]
[Date "2011.05.12"]
[Round "1"]
[White "koni"]
[Black "Deckfuel"]
[Result "1-0"]
[WhiteElo "1945"]
[BlackElo "1962"]
[Opening "English: symmetrical, hedgehog system"]
[ECO "A30"]
[Time "12:30:18"]
[TimeControl "2700+45"]

1. Nf3 c5 2. c4 b6 3. g3 Bb7 4. Bg2 e6 5. O-O Nf6 6. Nc3 Be7 7. Re1 d5 8. cxd5
exd5 9. d4 O-O 10. Bf4 Re8 11. Rc1 Na6 12. dxc5 Bxc5 13. Nd4 Ne4 14. a3 Qf6 15.
Be3 Rad8 16. Ncb5 Nd6 17. Nxd6 Bxd6 18. b4 Rc8 19. Qa4 Red8 20. Nc6 Rxc6 21.
Rxc6 Bxc6 22. Qxc6 Nb8 23. Qc1 Be7 24. Rd1 d4 25. Bf4 Nd7 26. Qc7 g5 27. Bc1 Ne5
28. Qxa7 Ng4 29. Bf3 Ne5 30. Bg2 Ng4 31. Rf1 Bd6 32. Qxb6 Nxh2 33. Rd1 Ng4 34.
Qxd4 Qxd4 35. Rxd4 Nxf2 36. Bxg5 {Black resigns} 1-0

[Event "Team 45 45 League T49"]
[Site "Internet Chess Club"]
[Date "2011.05.12"]
[Round "1"]
[White "randallsr"]
[Black "BigH"]
[Result "0-1"]
[WhiteElo "1750"]
[BlackElo "1842"]
[Opening "English opening"]
[ECO "A30"]
[Time "14:01:47"]
[TimeControl "2700+45"]

1. Nf3 Nf6 2. c4 c5 3. b3 b6 4. d3 d5 5. cxd5 Nxd5 6. Bb2 Nc6 7. g3 Bb7 8. Bg2
Qc7 9. Nbd2 e5 10. a3 f6 11. Rc1 Rc8 12. Ng5 Nde7 13. Ne6 Qd7 14. Bh3 f5 15.
Nxf8 Rxf8 16. Nf3 Qd6 17. Bg2 Ba8 18. Rc2 Kf7 19. Qa1 Nd4 20. Bxd4 exd4 21. Ng5+
Kg8 22. Bxa8 Rxa8 23. Qc1 Qd5 24. O-O Qxb3 25. Rc4 Nd5 26. Rd1 Rae8 27. Rd2 Qb5
28. a4 Qd7 29. a5 h6 30. Nh3 f4 31. Kg2 Rxe2 32. Rxe2 f3+ 33. Kg1 Qxh3 34. Qf1
Qxf1+ 35. Kxf1 fxe2+ 36. Kxe2 Nc3+ 37. Kf1 Rf5 {White resigns} 0-1

[Event "Team 45 45 League T49"]
[Site "Internet Chess Club"]
[Date "2011.05.15"]
[Round "1"]
[White "justice02"]
[Black "Nakke"]
[Result "0-1"]
[WhiteElo "1696"]
[BlackElo "1802"]
[Opening "Ruy Lopez: open (Tarrasch) defense"]
[ECO "C80"]
[Time "09:00:46"]
[TimeControl "2700+45"]

1. e4 e5 2. Nf3 Nc6 3. Bb5 a6 4. Ba4 Nf6 5. O-O Nxe4 6. Re1 Nc5 7. Nxe5 Nxe5 8.
Rxe5+ Be7 9. c3 Nxa4 10. Qxa4 O-O 11. d4 d6 12. Re2 Re8 13. d5 Bf5 14. Qf4 Bg5
15. Qxf5 Rxe2 16. f4 Re1+ 17. Kf2 Bh4+ 18. g3 Rxc1 {White resigns} 0-1

[Event "Team 45 45 League T49"]
[Site "Internet Chess Club"]
[Date "2011.05.15"]
[Round "1"]
[White "daniguti"]
[Black "Mark-SF"]
[Result "1-0"]
[WhiteElo "1721"]
[BlackElo "1913"]
[Opening "Ruy Lopez: Wormald (Alapin) attack"]
[ECO "C77"]
[Time "20:01:16"]
[TimeControl "2700+45"]

1. e4 e5 2. Nf3 Nc6 3. Bb5 a6 4. Ba4 Nf6 5. Qe2 d6 6. c3 Bg4 7. h3 Bd7 8. O-O
Be7 9. Rd1 b5 10. Bb3 Na5 11. Bc2 Nh5 12. d4 Nf4 13. Bxf4 exf4 14. e5 O-O 15.
Qe4 g6 16. Qxf4 Nc4 17. b3 Nb6 18. Re1 Nd5 19. Qd2 Bc6 20. Be4 Qd7 21. c4 Nb6
22. Bxc6 Qxc6 23. exd6 Bxd6 24. c5 Bxc5 25. Qc3 Nd5 26. Qxc5 Qxc5 27. dxc5 Nb4
28. Re2 Rfe8 29. Rxe8+ Rxe8 30. Nc3 Nd3 31. Nd5 c6 32. Nf6+ {Black resigns} 1-0

[Event "Team 45 45 League T49"]
[Site "Internet Chess Club"]
[Date "2011.05.14"]
[Round "1"]
[White "upsan"]
[Black "az2112"]
[Result "1/2-1/2"]
[WhiteElo "1742"]
[BlackElo "1751"]
[Opening "Scotch game"]
[ECO "C45"]
[Time "22:06:02"]
[TimeControl "2700+45"]

1. e4 e5 2. Nf3 Nc6 3. d4 exd4 4. Nxd4 Nge7 5. Nc3 Nxd4 6. Qxd4 Nc6 7. Qd2 d6 8.
Be2 Be7 9. O-O O-O 10. Nd5 Re8 11. c3 Bf8 12. Qc2 Ne5 13. f4 c6 14. Ne3 Nd7 15.
Bf3 Nf6 16. Re1 Be6 17. Bd2 Qc7 18. f5 Bc8 19. c4 Nd7 20. Ng4 Ne5 21. Nxe5 dxe5
22. Be3 c5 23. Rad1 b6 24. g4 Bb7 25. g5 Rad8 26. h4 Rxd1 27. Rxd1 Rd8 28. Kf2
Rd6 29. h5 Qd8 30. Rxd6 Qxd6 31. Ke2 Be7 {Game drawn by mutual agreement}
1/2-1/2

[Event "Team 45 45 League T49"]
[Site "Internet Chess Club"]
[Date "2011.05.15"]
[Round "1"]
[White "Schack"]
[Black "qs16"]
[Result "1-0"]
[WhiteElo "1701"]
[BlackElo "1679"]
[Opening "Sicilian: Sozin with ...a6 and ...b5"]
[ECO "B87"]
[Time "12:02:52"]
[TimeControl "2700+45"]

1. e4 c5 2. Nf3 d6 3. d4 cxd4 4. Nxd4 Nf6 5. Nc3 a6 6. Bc4 e6 7. Bb3 b5 8. O-O
Be7 9. Qf3 Bb7 10. Bxe6 O-O 11. Bb3 Nbd7 12. Nf5 Nc5 13. Qg3 g6 14. Bh6 Nh5 15.
Nxe7+ Qxe7 16. Bxf8 Rxf8 17. Qg4 Nf6 18. Qh4 Qe5 19. f3 b4 20. Nd5 Nxd5 21. Bxd5
Bxd5 22. exd5 a5 23. Qg3 Qd4+ 24. Kh1 Rd8 25. Rfd1 Qxb2 26. Qg5 Rd7 27. Re1 Kg7
28. Qd2 Qf6 29. Rad1 Re7 30. Rxe7 Qxe7 31. Qd4+ Kg8 32. Qd2 Qf6 33. Re1 Kg7 34.
Rd1 Kg8 35. Kg1 Nd7 36. Qd4 Qf5 37. Qe4 Qf6 38. Re1 Nc5 39. Qg4 Qc3 40. Qh4 Kg7
41. Qf2 Nd7 42. Qe3 Qf6 43. g4 Ne5 44. Kg2 Qh4 45. h3 Nc4 46. Qd4+ Ne5 47. Rxe5
dxe5 48. Qxe5+ Qf6 49. Qxf6+ Kxf6 50. f4 g5 51. Kf3 h6 52. fxg5+ hxg5 53. Ke4 a4
54. Kd4 Ke7 55. Kc5 b3 56. cxb3 {Black resigns} 1-0

[Event "Team 45 45 League T49"]
[Site "Internet Chess Club"]
[Date "2011.05.20"]
[Round "1"]
[White "Buford-Julep"]
[Black "Tamarin"]
[Result "0-1"]
[WhiteElo "1691"]
[BlackElo "1822"]
[Opening "Ruy Lopez: Archangelsk (counterthrust) variation"]
[ECO "C78"]
[Time "20:02:02"]
[TimeControl "2700+45"]

1. e4 e5 2. Nf3 Nc6 3. Bb5 a6 4. Ba4 Nf6 5. O-O b5 6. Bb3 Bb7 7. d3 Bc5 8. Nc3
d6 9. a4 Na5 10. Ba2 Bc6 11. axb5 axb5 12. Ne2 O-O 13. c3 Nb7 14. b4 Bb6 15. h3
Qe7 16. Bg5 h6 17. Bh4 Ra7 18. Bb3 Rfa8 19. Rxa7 Rxa7 20. Qc2 Bd7 21. Re1 c5 22.
bxc5 Nxc5 23. Ba2 Be6 24. Bxe6 Qxe6 25. Qb1 Nb3 26. Bg3 Nd7 27. d4 Ra1 28. Qb2
Rxe1+ 29. Nxe1 exd4 30. Nxd4 Nxd4 31. cxd4 Qxe4 32. Nf3 Qd5 33. Qb4 Bc7 34. Qc3
Qc4 35. Qa3 b4 36. Qa8+ Kh7 37. Qe4+ g6 38. Qe7 Qe6 39. Qh4 Qf5 40. Bf4 Qh5 41.
Qe7 Qf5 42. Bxd6 Bxd6 43. Qxd6 b3 44. Nd2 b2 45. Qb4 Qc2 46. Kh2 Qxd2 47. Qxd2
b1=Q 48. Qf4 Qb8 49. Kg3 Kg7 50. Qxb8 Nxb8 51. Kf4 Kf6 52. g4 Ke6 53. Ke4 f5+
54. gxf5+ gxf5+ 55. Kf4 Kf6 56. d5 Nd7 57. d6 h5 58. h4 Nf8 59. f3 Nd7 60. Ke3
Ke5 61. Kd3 Kxd6 62. Kd4 Nf6 63. Ke3 Ke5 64. f4+ Kd5 65. Kd3 Ng4 {White resigns}
0-1

[Event "Team 45 45 League T49"]
[Site "Internet Chess Club"]
[Date "2011.05.14"]
[Round "1"]
[White "mickeys"]
[Black "DARKwizard1"]
[Result "1/2-1/2"]
[WhiteElo "1955"]
[BlackElo "1965"]
[Opening "Queen's pawn: Lundin (Kevitz-Mikenas) defense"]
[ECO "A40"]
[Time "19:00:09"]
[TimeControl "2700+45"]

1. d4 Nc6 2. Nf3 d6 3. Bf4 g6 4. e3 Bg7 5. Nbd2 e5 6. dxe5 dxe5 7. Bg3 Nge7 8.
c3 Be6 9. Ng5 Bd7 10. Bc4 O-O 11. Qb3 Be8 12. O-O-O Nf5 13. Nde4 Qe7 14. Qxb7
Rb8 15. Qa6 Rb6 16. Qa4 h6 17. Nf3 a6 18. Qc2 Kh7 19. Be2 Nxg3 20. hxg3 f5 21.
Neg5+ Kg8 22. Bc4+ Kh8 23. e4 Na5 24. Bd3 Kg8 25. Nh3 f4 26. gxf4 exf4 27. Nd2
c5 28. Nc4 Nxc4 29. Bxc4+ Kh8 30. f3 Bc6 31. Nf2 Rfb8 32. Nd3 g5 33. Qf2 Bf8 34.
Rd2 Qg7 35. Rc2 Ba4 36. b3 Bb5 37. Bxb5 Rxb5 38. Nb2 Rd8 39. Qe2 Rb6 40. Rd1
Rbd6 41. Rxd6 Rxd6 42. Nc4 Rd8 43. e5 Qc7 44. Rd2 Re8 {Game drawn by mutual
agreement} 1/2-1/2

[Event "Team 45 45 League T49"]
[Site "Internet Chess Club"]
[Date "2011.05.17"]
[Round "1"]
[White "kidviper"]
[Black "pishd"]
[Result "1-0"]
[WhiteElo "1933"]
[BlackElo "1810"]
[Opening "Queen's pawn"]
[ECO "A40"]
[Time "11:08:02"]
[TimeControl "2700+45"]

1. d4 e6 2. Nf3 f5 3. h3 Nf6 4. g4 b6 5. gxf5 exf5 6. Qd3 g6 7. Bg2 Bb7 8. Qb3
Qe7 9. Nc3 Qb4 10. Bg5 Ne4 11. O-O Qxb3 12. axb3 Nxg5 13. Nxg5 Bxg2 14. Kxg2 c6
15. e4 Be7 16. Nf3 fxe4 17. Nxe4 d5 18. Neg5 O-O 19. Ne6 Rc8 20. Ne5 a5 21. f4
c5 22. f5 cxd4 23. f6 Rxc2+ 24. Kh1 Bf8 25. f7+ Kh8 26. Nxf8 Nc6 27. Ne6 {Black
resigns} 1-0

[Event "Team 45 45 League T49"]
[Site "Internet Chess Club"]
[Date "2011.05.14"]
[Round "1"]
[White "cknights"]
[Black "SIDDuchess"]
[Result "1-0"]
[WhiteElo "1908"]
[BlackElo "1667"]
[Opening "Old Indian defense"]
[ECO "A53"]
[Time "11:31:24"]
[TimeControl "2700+45"]

1. d4 Nf6 2. c4 d6 3. Nc3 Nbd7 4. e4 e5 5. d5 Be7 6. Bd3 Nc5 7. Nf3 Bg4 8. O-O
O-O 9. Bc2 c6 10. b4 Ncd7 11. a3 Nb6 12. Bb3 cxd5 13. cxd5 Rc8 14. Bb2 Nfd7 15.
Qd3 f5 16. Nd2 fxe4 17. Ndxe4 Bf5 18. a4 Nf6 19. Nxf6+ Rxf6 20. Qe3 Rg6 21. f4
exf4 22. Qxf4 Bh3 23. Rf2 Bh4 24. Qf7+ Kh8 25. Re2 Qd7 26. Qxd7 Nxd7 27. Nb5 a6
28. Nxd6 Rxd6 29. gxh3 Rg6+ 30. Kh1 Nf6 31. Re6 Bf2 32. Rf1 Ba7 33. d6 {Black
resigns} 1-0